 Dungeon Crawl Stone Soup version 0.29.1-2-gbd0b4ee654 (webtiles) character file.

Game seed: 2313410243529365348

34 Firos the Insei (level 3, -2/23 HPs)
             Began as an Octopode Transmuter on Nov 7, 2022.
             Slain by a gnoll
             ... wielding a +0 halberd
              (15 damage)
             ... on level 2 of the Dungeon.
             The game lasted 00:02:06 (1711 turns).

Firos the Insei (Octopode Transmuter)               Turns: 1711, Time: 00:02:06

Health: -2/23      AC:  1    Str:  9    XL:     3   Next: 31%
Magic:  5/6        EV: 13    Int: 17    God:
Gold:   35         SH:  0    Dex: 12    Spells: 1/7 levels left

rFire   . . .      SeeInvis .     - Unarmed
rCold   . . .      Faith    .   (no shield)
rNeg    . . .      Spirit   .   (helmet currently unavailable)
rPois   .          Reflect  .   (no amulet)
rElec   .          Harm     .   (no ring)
rCorr   .          Rampage  .   (no ring)
Will    .....                   (no ring)
Stlth   ++........              (no ring)
HPRegen 0.07/turn               (no ring)
MPRegen 0.10/turn               (no ring)
                                (no ring)
                                (no ring)

@: appendages
A: tentacle spike 3, almost no armour, amphibious, 8 rings, camouflage 1,
gelatinous body 1, (nimble swimmer 1), tentacles
a: End Transformation


You were on level 2 of the Dungeon.
One of your tentacles had grown a beastly spike.
You visited 1 branch of the dungeon, and saw 2 of its levels.

You collected 35 gold pieces.

Inventory:

Wands
 c - a wand of flame (8)
Scrolls
 b - a scroll of blinking {unknown}
 d - a scroll of fear {unknown}
Potions
 a - a potion of lignification


   Skills:
 + Level 1.3 Fighting
 + Level 2.1 Dodging
 + Level 3.2 Unarmed Combat
 * Level 2.5 Spellcasting
 * Level 2.5 Transmutations


You had one spell level left.
You knew the following spells:

 Your Spells              Type           Power      Damage    Failure   Level
a - Beastly Appendage     Tmut           20%        N/A       6%          1
b - Wereblood             Tmut           10%        N/A       10%         2
c - Spider Form           Tmut/Pois      6%         N/A       32%         3

Your spell library contained the following spells:

 Spells                   Type           Power      Damage    Failure   Level
 Poisonous Vapours        Pois/Air       4%         N/A       28%         2
 Ice Form                 Ice/Tmut       6%         N/A       73%         4
 Corpse Rot               Necr/Pois/Air  2%         N/A       88%         4


Dungeon Overview and Level Annotations

Branches:
Dungeon (2/15)

Altars:

Shops:
D:1 !


Innate Abilities, Weirdness & Mutations

One of your tentacles has grown a beastly spike.
You cannot wear most types of armour.
You are amphibious.
You can wear up to eight rings at the same time.
Your skin changes colour to match your surroundings (Stealth+).
Your rubbery body absorbs attacks. (AC +1, EV +1)
((You are camouflaged when in or above water. (Stealth+)))
You have tentacles for arms and can constrict up to eight enemies at once.


Message History

You constrict the dart slug. The dart slug closely misses you.
You tentacle-slap the dart slug.
You kill the dart slug!
Your transformation is almost over.
Your tentacle spike disappears.
HP restored.
You now have 35 gold pieces (gained 8).
You open the door.
There is an open door here.
You pick up a book of Vapours and begin reading...
You add the spells Poisonous Vapours and Corpse Rot to your library.
c - a wand of flame (8);
d - a scroll labelled YNISHU CETHRI
Found an escape hatch in the ceiling.
An endoplasm comes into view.
A gnoll comes into view. It is wielding a +0 halberd.
Casting: Beastly Appendage (safe; 6% risk of failure)
Confirm with . or Enter, or press ? or * to list all spells.
One of your tentacles grows a vicious spike.
The helpless endoplasm fails to defend itself.
You tentacle-slap the endoplasm.
You pierce the endoplasm, but do no damage.
The endoplasm is severely wounded.
The endoplasm hits you.
You tentacle-slap the endoplasm.
You kill the endoplasm!
Your transformation is almost over.
Casting: Beastly Appendage (safe; 6% risk of failure)
Confirm with . or Enter, or press ? or * to list all spells.
You extend your transformation's duration.
The gnoll hits you with a +0 halberd!
You tentacle-slap the gnoll. You grab the gnoll.
You pierce the gnoll, but do no damage.
The gnoll is moderately wounded.
You constrict the gnoll. The gnoll barely misses you.
You tentacle-slap the gnoll.
You pierce the gnoll.
You squeeze the gnoll, but do no damage.
The gnoll is severely wounded.
You constrict the gnoll. The gnoll hits you with a +0 halberd!
Ouch! That really hurt!
You die...

### #####.# ..###.
####.....# ......
.......#.# .....
.........#####.....
.........#.....<#+#
..#g....#.#....#.#
.#.....#.g......#
......g....#@...###+##
......##.#.#....#....##
...........#....#......
...#............#......
##.#..........#........
...........#.#.........
...##...................
..##.........#.#.#.....
..###...#+####.#.#....


You could see a gnoll.

Vanquished Creatures
  2 dart slugs
  4 bats (D:1)
  3 endoplasms
  A giant cockroach (D:1)
  5 goblins
  A hobgoblin (D:1)
  2 quokkas
  3 ball pythons
  3 frilled lizards
  4 rats (D:1)
28 creatures vanquished.

Notes
Turn   | Place    | Note
-------+----------+-------------------------------------------
     0 | D:1      | Firos the Octopode Transmuter began the quest for the Orb.
     0 | D:1      | Reached XP level 1. HP: 13/13 MP: 3/3
    20 | D:1      | Found Moptexye's Distillery.
   226 | D:1      | Reached XP level 2. HP: 13/18 MP: 5/5
   229 | D:1      | Learned a level 2 spell: Wereblood
  1134 | D:1      | Reached XP level 3. HP: 23/23 MP: 6/6
  1138 | D:1      | Learned a level 3 spell: Spider Form
  1711 | D:2      | Slain by a gnoll

Illustrated notes

Levels and vault maps discovered:
D:1:      wander_arrival_fairy_ring, layout_loops_corners, serial_shops,
          nicolae_shop_advertising_works [nicolae_subvault_shop_adworks],
          hex_medium
D:2:      minmay_chambers_of_ones, layout_basic, chequers_serial_rivers_small_b,
          minmay_unequal

Action                   || total
-------------------------++-------
Melee: Unarmed           ||    63
       Constrict         ||    16
       Tentacles         ||     8
       Punch             ||     2
       Kick              ||     7
 Cast: Beastly Appendage ||     6
 Stab: Sleeping          ||     4
       Distracted        ||     1
Armor: Skin              ||     9
Dodge: Dodged            ||    27
